 Dungeon Crawl Stone Soup version 0.28.0-53-g5a82cb258f (webtiles) character file.

Game seed: 3211878589165182237

34 Descartes the Firebug (level 3, -3/23 HPs)
             Began as an Octopode Wanderer on June 22, 2022.
             Slain by a gnoll
             ... wielding a +0 flail
              (12 damage)
             ... on level 2 of the Dungeon.
             The game lasted 00:03:58 (1854 turns).

Descartes the Firebug (Octopode Wanderer)           Turns: 1854, Time: 00:03:59

Health: -3/23      AC:  1    Str:  8    XL:     3   Next: 31%
Magic:  5/5        EV: 12    Int: 18    God:
Gold:   23         SH:  0    Dex: 12    Spells: 2/4 levels left

rFire   . . .      SeeInvis .   h - +1 short sword (distort)
rCold   . . .      Faith    .   (no shield)
rNeg    . . .      Spirit   .   (helmet restricted)
rPois   .          Reflect  .   (no amulet)
rElec   .          Harm     .   (no ring)
rCorr   .          Rampage  .   (no ring)
Will    .....                   (no ring)
Stlth   +++.......              (no ring)
HPRegen 0.07/turn               (no ring)
MPRegen 0.09/turn               (no ring)
                                (no ring)
                                (no ring)

@: no status effects
A: almost no armour, amphibious, 8 rings, camouflage 1, gelatinous body 1,
(nimble swimmer 1), tentacles
a: no special abilities


You were on level 2 of the Dungeon.
You visited 1 branch of the dungeon, and saw 2 of its levels.

You collected 23 gold pieces.

Inventory:

Hand Weapons
 a - a +0 dagger
 h - a +1 short sword of distortion (weapon)
Missiles
 b - 8 boomerangs (quivered)
 d - 30 stones
Scrolls
 c - a scroll of magic mapping {unknown}
 e - 2 scrolls of identify {unknown}
Potions
 f - a potion of heal wounds {unknown}
 g - a potion of curing {unknown}


   Skills:
 - Level 1.0 Fighting
 + Level 0.7 Short Blades
 - Level 2.0 Throwing
 + Level 0.7 Dodging
 + Level 1.0 Stealth
 + Level 1.4 Spellcasting
 + Level 0.7 Conjurations
 + Level 3.2 Fire Magic
 + Level 3.1 Ice Magic


You had 2 spell levels left.
You knew the following spells:

 Your Spells              Type           Power      Damage    Failure   Level
a - Foxfire               Conj/Fire      32%        2x1d5     9%          1
b - Freeze                Ice            48%        1d7       5%          1

Your spell library contained the following spells:

 Spells                   Type           Power      Damage    Failure   Level
 Blink                    Tloc           2%         N/A       28%         2
 Frozen Ramparts          Ice            24%        1d4       16%         3
 Inner Flame              Hex/Fire       7%         N/A       30%         3
 Gell's Gravitas          Tloc           1%         N/A       50%         3
 Lesser Beckoning         Tloc           1%         N/A       50%         3
 Teleport Other           Tloc           1%         N/A       50%         3
 Hailstorm                Conj/Ice       8%         3d4       63%         4
 Manifold Assault         Tloc           1%         N/A       99%         5
 Dispersal                Tloc           0%         N/A       100%        6


Dungeon Overview and Level Annotations

Branches:
Dungeon (2/15)

Altars:

Annotations:
D:2 1 runed translucent door, Crazy Yiuf


Innate Abilities, Weirdness & Mutations

You cannot wear most types of armour.
You are amphibious.
You can wear up to eight rings at the same time.
Your skin changes colour to match your surroundings (Stealth+).
Your rubbery body absorbs attacks. (AC +1, EV +1)
((You are camouflaged when in or above water. (Stealth+)))
You have tentacles for arms and can constrict up to eight enemies at once.


Message History

You hit the gnoll but do no damage.
Space warps around the gnoll.
Your grab misses the gnoll.
The gnoll is moderately wounded.
The gnoll throws a throwing net.
The throwing net hits you.
You become entangled in the net!
The gnoll barely misses you.
You are held in a net!
You are held in a net!
You are held in a net!
You are held in a net!
You are held in a net!
You are held in a net!
You are held in a net!
You are held in a net!
You are held in a net!
You are held in a net!
You are held in a net!
You are held in a net!
You are held in a net!
You are held in a net!
You are held in a net!
You are held in a net!
You are held in a net!
You are held in a net!
You struggle against the net.
The gnoll hits you with a +0 whip.
You struggle against the net.
The gnoll hits you with a +0 whip.
You rip the net and break free!
The gnoll barely misses you. The gnoll closely misses you.
You hit the gnoll but do no damage. You grab the gnoll.
The gnoll is moderately wounded.
You constrict the gnoll, but do no damage.
The gnoll closely misses you. The gnoll hits you with a +0 whip.
You release your grip on the gnoll.
The gnoll barely misses you.
You closely miss the gnoll. Your grab misses the gnoll.
The gnoll is lightly wounded.
The gnoll hits you with a +0 flail.
You barely miss the gnoll. Your grab misses the gnoll. You squeeze the gnoll!
The gnoll is almost dead.
The gnoll hits you with a +0 flail!
Ouch! That really hurt!
You die...

....##.# .##.##.###
.##.##.#.######
.†......#.....##
###)##.###.#...#####
....#.## ##.†......#
####.. #.#....##.# #
#.#
#.##..#.##.#.####
#.# ...
#.##.@gg.....#
#.##..
...#####.#.##.#
#.##...##.# #.# ..
.##.. #.. ..: ...
#### #. ### .... .#.
.... ...<.# # ....
...... .... ......##
####


You could see 2 gnolls.

Vanquished Creatures
  A dart slug (D:2)
  A worm (D:2)
  2 endoplasms (D:2)
  A giant cockroach (D:2)
  3 goblins
  A hobgoblin (D:2)
  2 quokkas
  5 ball pythons
  2 bats (D:1)
  2 frilled lizards (D:2)
  3 kobolds
  6 rats
29 creatures vanquished.

Vanquished Creatures (others)
  28 foxfires
28 creatures vanquished.

Grand Total: 57 creatures vanquished

Notes
Turn   | Place    | Note
-------+----------+-------------------------------------------
     0 | D:1      | Descartes the Octopode Wanderer began the quest for the
                  | Orb.
     0 | D:1      | Descartes set off with the following items: a +0 dagger, 8
                  | boomerangs; and the following spells available to memorise:
                  | Freeze, Foxfire, Frozen Ramparts, Inner Flame, Hailstorm
     0 | D:1      | Reached XP level 1. HP: 13/13 MP: 2/2
     2 | D:1      | Learned a level 1 spell: Foxfire
     4 | D:1      | Learned a level 1 spell: Freeze
   500 | D:1      | Reached XP level 2. HP: 15/18 MP: 1/3
  1319 | D:2      | Reached XP level 3. HP: 10/23 MP: 5/5
  1612 | D:2      | Found a runed translucent door.
  1613 | D:2      | Noticed Crazy Yiuf
  1672 | D:2      | Reached skill level 1 in Stealth
  1854 | D:2      | Slain by a gnoll

Illustrated notes

Levels and vault maps discovered:
D:1:      dpeg_arrival_arbitrary_a, layout_basic
D:2:      layout_loops_cross, basic_ecumenical_altar, uniq_crazy_yiuf_cottage

Skill      XL: |  1  2  3 |
---------------+----------+-----
Stealth        | 1 |  1.0
Fighting       | |  1.0
Short Blades   | |  0.7
Throwing       | |  2.0
Dodging        | |  0.7
Spellcasting   | |  1.4
Conjurations   | |  0.7
Fire Magic     | |  3.2
Ice Magic      | |  3.1

Action                   || total
-------------------------++-------
Melee: Dagger            ||    49
       Constrict         ||    14
       Tentacles         ||    10
       Short sword       ||     7
       Punch             ||     2
 Cast: Foxfire           ||    19
 Stab: Sleeping          ||     3
Armor: Skin              ||     5
Dodge: Dodged            ||    45
